 Dungeon Crawl Stone Soup version 0.27-a0-538-g15ff5c5295 (webtiles) character file.

Game seed: 8652003479281281500

515 Anon1729 the Gusty (level 6, 0/67 HPs)
             Began as a Demigod Air Elementalist on Mar 7, 2021.
             Slain by Joseph
             ... wielding a +0 quarterstaff
              (9 damage)
             ... on level 7 of the Dungeon.
             The game lasted 00:05:37 (6329 turns).

Anon1729 the Gusty (Demigod Air Elementalist)       Turns: 6329, Time: 00:05:38

Health: 0/67       AC: 23    Str: 15    XL:     6   Next: 67%
Magic:  11/13      EV:  2    Int: 25    God:
Gold:   229        SH:  0    Dex: 14    Spells: 5/11 levels left

rFire    + . .     SeeInvis .   l - +1 dagger (venom)
rCold    + . .     Faith    .   (no shield)
rNeg     + + +     Spirit   .   (armour currently unavailable)
rPois    +         Reflect  .   (helmet currently unavailable)
rElec    +         Harm     .   (cloak currently unavailable)
rCorr    +         Rampage  .   (gloves currently unavailable)
Will     .....     NoTele   +   (boots currently unavailable)
Stlth    +.........             (no amulet)
HPRegen  0.21/turn              i - +6 ring of strength
MPRegen  0.13/turn              (no ring)

@: confused, mighty, tree-form, resistant, ambrosia-drunk
A: high mp 1, forlorn
a: no special abilities


You were on level 7 of the Dungeon.
You were a tree.
You visited 2 branches of the dungeon, and saw 6 of its levels.

You collected 229 gold pieces.

Inventory:

Hand Weapons
 l - a +1 dagger of venom (weapon)
Armour
 a - a +0 robe (melded)
 c - a +0 cloak (melded)
Jewellery
 i - a +6 ring of strength (left branch)
 r - an amulet of faith
 x - an amulet of guardian spirit
Wands
 y - a wand of iceblast (10)
Scrolls
 b - a scroll of enchant weapon {unknown}
 d - a scroll of blinking {unknown}
 g - 4 scrolls of identify {unknown}
 j - a scroll of fear {unknown}
 m - a scroll of fog {unknown}
 p - a scroll of immolation {unknown}
 s - 2 scrolls of random uselessness {unknown}
 t - a scroll of magic mapping {unknown}
 A - a scroll of amnesia {unknown}
Potions
 f - a potion of curing
 k - a potion of flight {unknown}
 n - a potion of magic {unknown}
 o - a potion of resistance
 q - a potion of haste {unknown}
 u - a potion of might
 v - a potion of invisibility {unknown}
 w - a potion of degeneration {unknown}
 z - a potion of mutation {unknown}


   Skills:
 + Level 3.3 Dodging
 - Level 2.1 Stealth
 + Level 3.2 Spellcasting
 + Level 2.9 Conjurations
 * Level 4.9 Air Magic


You had 5 spell levels left.
You knew the following spells:

 Your Spells              Type           Power      Damage    Failure   Level
a - Shock                 Conj/Air       92%        1d8       1%          1
b - Swiftness             Air            28%        N/A       1%          2
c - Static Discharge      Conj/Air       23%        N/A       6%          3

Your spell library contained the following spells:

 Spells                   Type           Power      Damage    Failure   Level
 Airstrike                Air            14%        N/A       13%         4
 Lightning Bolt           Conj/Air       11%        1d24      47%         5


Dungeon Overview and Level Annotations

Branches:
Dungeon (4/15)             Temple (1/1) D:4

Annotations:
D:3 Sassenached's ghost, amateur GnWn
D:7 Joseph


Innate Abilities, Weirdness & Mutations

Your attributes grow dramatically as you level up.
You have an increased reservoir of magic. (+10% MP)
You shall have no god before yourself.


Message History

Joseph is lightly wounded.
You are struck by an arc of lightning.
The lightning grounds out.
Joseph barely misses you.
Casting: Static Discharge (dangerous; 6% risk of failure)
Confirm with . or Enter, or press ? or * to list all spells.
Joseph is struck by an arc of lightning.
Joseph is lightly wounded.
You are struck by an arc of lightning.
The lightning grounds out.
Joseph hits you with a +0 quarterstaff.
It was a potion of curing.
You feel better. Joseph closely misses you.
It was a potion of might.
You feel very mighty all of a sudden. Joseph misses you.
You hit Joseph.
Joseph is poisoned.
Joseph is moderately wounded.
You hit Joseph.
Joseph is moderately wounded.
Joseph hits you with a +0 quarterstaff.
You hit Joseph.
Joseph looks as sick as possible!
Joseph is moderately wounded.
Joseph hits you with a +0 quarterstaff!
* * * LOW HITPOINT WARNING * * *
Unknown command.
It was a potion of resistance.
You feel protected. Joseph hits you with a +0 quarterstaff.
* * * LOW HITPOINT WARNING * * *
Unknown command.
You feel better. Joseph hits you with a +0 quarterstaff!
* * * LOW HITPOINT WARNING * * *
Unknown command.
It was a potion of lignification.
You turn into a tree.
Your +0 cloak melds into your body.
Your +0 robe melds into your body.
Your roots penetrate the ground.
Joseph hits you with a +0 quarterstaff.
* * * LOW HITPOINT WARNING * * *
Unknown command.
It was a potion of ambrosia.
You are confused.
You feel invigorated. Joseph hits you with a +0 quarterstaff!
You die...

.......†......#
........#####.#
........# #.#
########.# #†#
.........# #.#
#######..# #.#
#.#.....#..#...#.#
#.....@................
#.#.##♣.#..........#.#l
#.......#.#....#.#
#>..................
###..#....#.....#....
#.....#.#.....#. ...
...##..#.###### ###.#.
... ...#.. .... ...# #.


You could see Joseph (very poisoned).

Vanquished Creatures
  An ogre (D:4)
  A bullfrog (D:7)
  A scorpion (D:4)
  A bullfrog skeleton (D:4)
  An iguana (D:7)
  5 worker ants
  A killer bee zombie (D:7)
  A hound skeleton (D:4)
  6 adders
  2 worms
  2 dart slugs (D:1)
  3 orcs (D:3)
  2 ball pythons
  5 bats
  4 giant cockroaches
  8 goblins
  2 hobgoblins
  5 kobolds
  6 frilled lizards
  8 rats
65 creatures vanquished.

Notes
Turn   | Place    | Note
-------+----------+-------------------------------------------
     0 | D:1      | Anon1729 the Demigod Air Elementalist began the quest for
                  | the Orb.
     0 | D:1      | Reached XP level 1. HP: 14/14 MP: 5/5
   117 | D:1      | Reached skill level 1 in Conjurations
   386 | D:1      | Reached XP level 2. HP: 20/20 MP: 4/7
  1195 | D:2      | Reached skill level 3 in Air Magic
  1316 | D:2      | Reached XP level 3. HP: 17/26 MP: 8/8
  3034 | D:3      | Found a large runed translucent door.
  3034 | D:3      | Found a large runed translucent door.
  3248 | D:3      | Noticed Sassenached's ghost (amateur GnWn)
  3343 | D:3      | Reached XP level 4. HP: 33/33 MP: 3/10
  4045 | D:4      | Noticed an ogre
  4050 | D:4      | Learned a level 2 spell: Swiftness
  4054 | D:4      | Learned a level 3 spell: Static Discharge
  4092 | D:4      | Killed an ogre
  4093 | D:4      | Reached skill level 4 in Air Magic
  4093 | D:4      | Reached XP level 5. HP: 23/38 MP: 6/11
  4881 | D:4      | Found a staircase to the Ecumenical Temple.
  4940 | Temple   | Entered the Ecumenical Temple
  5328 | D:4      | Reached XP level 6. HP: 43/45 MP: 11/13
  5786 | D:4      | You fall into a shaft and drop 3 floors!
  6314 | D:7      | Noticed Joseph
  6329 | D:7      | Slain by Joseph

Illustrated notes

Levels and vault maps discovered:
D:1:      heliophobic_arrival_dark_side_of_the_moon, layout_loops_cross
D:2:      layout_basic, hangedman_abyss_or_decor_stabs
D:3:      layout_basic, ebering_ghost_disaster_area, minivault_27
D:4:      layout_gridville, nicolae_overflow_crystal_walls,
          minmay_temple_entry_glass, minmay_diced_spiral
D:7:      gammafunk_the_bubble [the_bubble_gammafunk_split], layout_basic,
          serial_shops, nicolae_shop_stone, basic_altar, grunt_decor_junction,
          uniq_prince_ribbit1, uniq_joseph
Temple:   kilobyte_greek_temple

Skill      XL: |  1  2  3  4  5  6 |
---------------+-------------------+-----
Conjurations   | 1 2 |  2.9
Stealth        | 2 |  2.1
Dodging        | 2 3 |  3.3
Spellcasting   | 2 3 |  3.2
Air Magic      | 3 4 |  4.9

Action                   |  1- 3 |  4- 6 || total
-------------------------+-------+-------++-------
Melee: Unarmed           |     1 |       ||     1
       Dagger            |    43 |    27 ||    70
 Cast: Shock             |    66 |    70 ||   136
       Static Discharge  |       |     2 ||     2
       Swiftness         |       |     1 ||     1
  Use: Potion            |       |     6 ||     6
 Stab: Sleeping          |     4 |       ||     4
Armor: Robe              |     7 |     7 ||    14
Dodge: Dodged            |    35 |    43 ||    78

Table legend: (Time is in decaauts)
 A = Elapsed time spent in this place.
 B = Non-inter-level travel time spent in this place.
 C = Inter-level travel time spent in this place.
 D = Time resting spent in this place.
 E = Time spent auto-exploring this place.
 F = Levels seen in this place.
 G = Mean time per level.
                   A        B        C        D        E       F      G
               +--------+--------+--------+--------+--------+-----+--------+
         Total |   6327 |   6220 |    107 |    515 |   5182 |   6 | 1054.5 |
       Dungeon |   5974 |   5875 |     99 |    318 |   5036 |   5 | 1194.8 |
        Temple |    353 |    346 |      7 |    197 |    146 |   1 |  353.0 |
               +--------+--------+--------+--------+--------+-----+--------+

Top non-repeatable levels by time:
     D:3: 1699 daAuts
     D:4: 1365 daAuts
     D:2: 1284 daAuts
     D:1: 1082 daAuts
     D:7: 542 daAuts
  Temple: 353 daAuts
